Workbook

Sheet Лист1
F1: Реестр социально ориентированных некоммерческих организаций - получателей поддержки
G2: в Каменск-Уральском городском округе в 2026 году
A3: =[1]Лист1!$A$4 -> Реквизиты реестровой записи | C3: =[1]Лист1!$C$4 -> Дата принятия решения об оказании поддержки или о прекра-щении оказания поддержки | D3: =[1]Лист1!$D$4 -> Сведения о социально ориентированных некоммерческих организациях - получателях государственной поддержки | I3: =[1]Лист1!$J$4 -> Сведения о предоставленной поддержке | L3: Сведения об использовании социально ориентированными некоммерческими организациями - получателей поддержки предоставленных мер государственной поддержки | M3: =[1]Лист1!$M$4 -> Информация (если имеется) о нарушениях, допущенных социально ориентированной некоммерческой организацией, получившей поддержку, в том числе о нецелевом использовании предоставленных средств и имущества | N3: Примечание
A4: =[1]Лист1!A5 -> № п/п | B4: =[1]Лист1!B5 -> дата включения в реестр | D4: =[1]Лист1!D5 -> полное и (если имеется) сокращенное наименование постоянно действующего органа некоммерческой организации, название организации | E4: =[1]Лист1!E5 -> почтовый адрес и электронный адреса, контактные телефоны, факс, фамилия, имя, отчество руководителя | F4: =[1]Лист1!F5 -> основной государственный регистрационный номер записи о государствен-ной регистрации некоммерческой организации (ОГРН) | G4: =[1]Лист1!G5 -> идентифика-ционный номер налогоплатель-щика | H4: =[1]Лист1!H5 -> виды деятельности некоммерческой организации | I4: =[1]Лист1!J5 -> вид государственной поддержки | J4: =[1]Лист1!K5 -> объем (размер) государственной поддержки, тыс. руб. | K4: =[1]Лист1!L5 -> срок оказания государственной поддержки
A5: 1 | B5: 2 | C5: 3 | D5: 4 | E5: 5 | F5: 6 | G5: 7 | H5: 8 | I5: 9 | J5: 10 | K5: 11 | L5: 12 | M5: 13 | N5: 14
A6: 1 | B6: 44447 | C6: Договор № 11 от 08.09.2021 | D6: Некоммерчсекое партнертсво Детско-юношеский спортивно-оздоровительный клуб "ЭЛИТА-СПОРТ" | E6: 623414, Свердловская область, город Каменск-Уральский, ул Лермонтова, д. 133, директор Сафронова Екатерина Сергеевна | F6: 1026600931719 | G6: 661213996858 | H6: =[1]Лист1!I25 -> Подготовка сборных команд мастеров по техническим видам спорта, предоставление услуг дополнительного образования | I6: =[1]Лист1!J25 -> безвозмездное пользование муниципальным имуществом | J6: безвозмездное пользование муниципальным имуществом: нежилым помещением общей площадью 1043,8 кв.м. | K6: 08.09.2021-07.09.2026 | L6: Предоставлен объект муниципальной собственности в безвозмездное пользование некоммерческой организации в целях использования по целевому назначению | M6: не имеется
A9: 2 | B9: 46093 | C9: Распоряжение Администрации городского округа от 12.03.2026 № 30-р | D9: Свердловская областная общественная организация Общероссийской общественной организации инвалидов "Всероссийской ордена Трудового Красного Знамени общество слепых" | E9: =[1]Лист1!E27 -> 623400 Свердловская область г. Каменск-Уральский, ул. Парковая, 17, председатель Лагунова Тамара Тихоновна, эл. адрес:sheshina.el@yandex.ru | F9: =[1]Лист1!F27 -> 1026600004870 | G9: =[1]Лист1!G27 -> 6659016317 | H9: =[1]Лист1!$I$27 -> Защита прав и интересов инвалидов по зрению, участие в определении реализации государственной политики в отношении инвалидов, содействие в реализации государственных полномочий в медицинской, профессиональной, социальной реабилитвации и интеграции, приобщение к труду, образованию, культуре и спорту, улучшение их материально-бытовых условий | I9: субсидия на частичное возмещение расходов за 4 квартал 2025 года | J9: 6.95 | K9: 1 квартал 2026 года | L9: Предоставлена субсидия из местного бюджета на возмещение финансовых затрат, связанных с осуществлением уставной деятельности социально ориентированной организации | M9: =$M$6 -> не имеется
A18: 3 | B18: 44397 | C18: Договор № 9 от 20.07.2021 | D18: =[1]Лист1!D32 -> Некоммерческое партнерство "Дзюдо" | E18: =[1]Лист1!E32 -> 623400 Свердловская область г.Каменск-Уральский, ул.Белинского,1а, руководитель Тылис Сергей Петрович, эл. адрес:tylis-kerama@bk.ru | F18: =[1]Лист1!F32 -> 1086600001070 | G18: =[1]Лист1!G32 -> 6612025820 | H18: =[1]Лист1!$I$32 -> Содействие развития массовых и индивидуальных форм физкультурно-оздоровительной и спортивной работы с детьми дошкольного и школьного возраста и других возрастов населения, профилактика заболеваний, укрепление здоровья, поддержание высокой работоспособности человека, воспитание патриотизма граждан, подготовке их к защите Родины, внедрение физической культуры и спорта в режим учебы, труда и отдыха граждан и пропаганда физической культуры и спорта по каналам теле- и радиовещания. | I18: =[1]Лист1!J32 -> безвозмездное пользование муниципальным имуществом | J18: =[1]Лист1!K32 -> безвозмездное пользование муниципальным имуществом: нежилым помещением общей площадью 236,8 кв.м. | K18: 20.07.2021 -19.07.2026 | L18: =$L$6 -> Предоставлен объект муниципальной собственности в безвозмездное пользование некоммерческой организации в целях использования по целевому назначению | M18: =[1]Лист1!M32 -> не имеется
A22: 4 | B22: 44805 | C22: Договор № 12 от 01.09.2022
A23: 5 | D23: =[1]Лист1!D39 -> Негосударственное образовательное учреждение дополнительного профессионального образования Каменск-Уральская спортивно-техническая школа "Румб" Регионального отделения Общероссийскойобщественно-государственной организации "ДОСААФ" СО | E23: 623400 Свердловская область, г. Каменск-Уральский ул. Рябова, 7 , Григорьева Надежда Юрьевна, и.о. начальника | F23: =[1]Лист1!F39 -> 1026600932710 | G23: =[1]Лист1!G39 -> 6612004122 | H23: =[1]Лист1!$I$39 -> Предоставление услуг дополнительного профессионального образования, проведение занятий по спортивно-техническим видам спорта, патриотическое воспитание, подготовка к службе в армии | I23: =[1]Лист1!J39 -> безвозмездное пользование муниципальным имуществом | J23: безвозмездное пользование муниципальным имуществом: нежилым помещением площадью 979,3 кв.м., земельным участком площадью 7894 кв.м. | K23: 01.09.2022-31.08.2027 | L23: =$L$18 -> Предоставлен объект муниципальной собственности в безвозмездное пользование некоммерческой организации в целях использования по целевому назначению | M23: =[1]Лист1!M39 -> не имеется
B24: =#REF! -> #REF! | C24: =#REF! -> #REF!
A25: 6 | B25: 45082 | C25: Договор № 6 от 05.06.2023 | D25: =[1]Лист1!D40 -> Некоммерческая организация "Благотворительный фонд "Город милосердия" | E25: =[2]Лист1!$E$41 -> 623400 Свердловская область г. Каменск-Уральский, ул. Ленина, 115 Президент Дегтянников Игорь Германович | F25: =[1]Лист1!F40 -> 1056600673843 | G25: =[1]Лист1!G40 -> 6612017851 | H25: =[1]Лист1!$I$40 -> Благотворительная деятельность; оказание материальной и иной помощи всем категориям социально незащищенных лиц, независимо от их национальности, гражданства, вероисповедания; содействие деятельности в области профилактики и охраны здоровья граждан, пропаганды здорового образа жизни, улучшения морально-психологического здоровья граждан; организация необходимой медицинской и психологической помощи лицам, страдающим наркотической, алкогольной и токсической зависимостью, содействие их трудоустройству; оказание юридической помощи лицам, страдающим наркоманией, токсикоманией и алкоголизмом и членам их семей; сотрудничество с организациями всех форм собственности, гражданами и молодежными объединениями, участвующими в реализации программ Фонда; организация профилактической работы с детьми, подростками, молодежью и родителями; Организация просветительской и научно-методической работы; социальная реабилитация лиц, отбывших наказание в местах лишения свободы; забота о детях-инвалидах: помощь в реабилитации, обучении, трудоустройстве, участие в их социальной жизни; забота о детях, оставшихся без попечения родителей; создание приютов и ночлежек для бездомных и лиц, нуждающихся в помощи; оказание помощи пенсионерам лекарственными средствами и продуктами питания; оказание материальной помощи несовершеннолетним, беженцам, бездомным и другим нуждающимся; обеспечение трудовыми местами беженцев, вынужденных переселенцев и иных категорий социально незащищенных трудоспособных лиц; осуществление торгово-посреднических и иных коммерческих операций для использования полученных доходов в благотворительных целях, оговоренных в Уставе; создание хозяйственных обществ, а также участие в них; издательская деятельность; организация культурных, спортивных, развлекательных и иных массовых мероприятий | I25: =[1]Лист1!J40 -> безвозмездное пользование муниципальным имуществом | J25: =[1]Лист1!K40 -> безвозмездное пользование муниципальным имуществом: нежилым помещением общей площадью 250,1 кв.м. | K25: 08.09.2021-07.09.2026 | L25: =$L$18 -> Предоставлен объект муниципальной собственности в безвозмездное пользование некоммерческой организации в целях использования по целевому назначению | M25: =[1]Лист1!M40 -> не имеется
B26: 45057 | C26: Договор № 14 от 05.06.2024 | I26: =$I$25 -> безвозмездное пользование муниципальным имуществом | J26: безвозмездное пользование муниципальным имуществом: нежилым помещением общей площадью 283 кв.м. | K26: 05.06.2024-04.06.2027 | L26: =$L$18 -> Предоставлен объект муниципальной собственности в безвозмездное пользование некоммерческой организации в целях использования по целевому назначению | M26: =$M$25 -> не имеется
A28: 7 | B28: =[2]Лист1!B52 -> 44651 | C28: =[2]Лист1!C52 -> Договор № 4 от 31.03.2022 | D28: =[1]Лист1!D45 -> Религиозная организация "Каменская Епархия Русской Православной Церкви (Московский Патриархат)" | E28: =[1]Лист1!E45 -> 623418 г. Каменск-Уральский, ул. Кирова,18 | F28: =[1]Лист1!F45 -> 1116699000021 | G28: =[1]Лист1!G45 -> 6612037110 | H28: =[1]Лист1!$I$45 -> религиозная деятельность | I28: =[3]Лист1!I44 -> безвозмездное пользование муниципальным имуществом | J28: безвозмездное пользование муниципальным имуществом: нежилым помещением общей площадью 166,6 кв.м. | K28: 31.03.2022-30.03.2027 | L28: =$L$18 -> Предоставлен объект муниципальной собственности в безвозмездное пользование некоммерческой организации в целях использования по целевому назначению | M28: =[3]Лист1!M44 -> не имеется
B29: =[2]Лист1!B53 -> 45063 | C29: =[2]Лист1!C53 -> Договор № 5 от 17.05.2023 | I29: =[1]Лист1!J47 -> безвозмездное пользование муниципальным имуществом | J29: безвозмездное ползование муниципальным имуществом, нежилым помещением общей площадью 188,5 кв.м. | K29: 17.05.2023-16.05.2028 | L29: =$L$18 -> Предоставлен объект муниципальной собственности в безвозмездное пользование некоммерческой организации в целях использования по целевому назначению | M29: =[1]Лист1!M47 -> не имеется
A32: 8 | B32: 45041 | C32: Договор № 1 от 28.02.2025 | D32: =[1]Лист1!D51 -> Каменск-Уральское отделение Межрегиональной общественной организации "Союз десантников" | E32: 623401 Свердловская область г. Каменск-Уральский Проспект Победы 38-82 председатель Давыдов Владимир Николаевич | F32: =[1]Лист1!F51 -> 1126600005256 | G32: =[1]Лист1!G51 -> 6612998731 | H32: =[1]Лист1!$I$51 -> патриотическое воспитание и содействие в подготовке граждан РФ к военной службе; социальная поддержка и защита членой организации. | I32: =[2]Лист1!I58 -> безвозмездное пользование муниципальным имуществом | J32: =[2]Лист1!J58 -> безвозмездное пользование муниципальным имуществом: нежилым помещением площадью 63 кв.м. | K32: 28.02.2025-27.02.2030 | L32: =[2]Лист1!L58 -> Предоставлен объект муниципальной собственности в безвозмездное пользование некоммерческой организации в целях использования по целевому назначению | M32: =[2]Лист1!M58 -> не имеется
B39: 46093 | C39: Распоряжение Администрации городского округа от 26.02.2025 № 37-р | I39: =$I$9 -> субсидия на частичное возмещение расходов за 4 квартал 2025 года | J39: 20 | K39: =$K$9 -> 1 квартал 2026 года | L39: =$L$9 -> Предоставлена субсидия из местного бюджета на возмещение финансовых затрат, связанных с осуществлением уставной деятельности социально ориентированной организации | M39: =$M$32 -> не имеется
A40: 9 | B40: =[2]Лист1!B69 -> 45063 | C40: =[2]Лист1!C69 -> Договор № 4 от 17.05.2023 | D40: =[1]Лист1!D88 -> Свердловская региональная общественная организация социальной поддержки уязвимых людей «Источник добра» | E40: =[1]Лист1!E88 -> 623414 Свердловская область г. Каменск-Уральский ул. Клубная, 10а, руководитель Бурко Евгений Юрьевич | F40: =[1]Лист1!F88 -> 1126600003122 | G40: =[1]Лист1!G88 -> 6612998717 | H40: =[1]Лист1!$I$88 -> Содействие пожилым и малообеспеченным людям, членам неблагополучных семей, детям-инвалидам, многодетным семьям и людям, оказавшимся в трудной жизненной ситуации, в предупреждении и облегчении их страданий; содействие уязвимым людям в удовлетворении их разносторонних творческих, познавательных, информационных и иных духовных потребностей, в повышении их интеллектуального и культурного уровня и духовного развития личности; содействие уязвимым людям в вопросах защиты жизни, охраны здоровья, улучшения морально-психологического состояния, оптимизация внутреннего потенциала и приобщения к здоровому образу жизни, содействие уязвимым людям в организации досуга и отдыха, в повышении их жизненной активности, в расширении их круга общения и увеличения количества социальных связей; защита прав и законных интересов членов организации. | I40: =$I$32 -> безвозмездное пользование муниципальным имуществом | J40: безвозмездное пользование муниципальным имуществом: нежилым помещением общей площадью 26,4 кв.м. | K40: 17.05.2023-16.05.2028 | L40: =$L$18 -> Предоставлен объект муниципальной собственности в безвозмездное пользование некоммерческой организации в целях использования по целевому назначению | M40: не имеется
I41: =$I$40 -> безвозмездное пользование муниципальным имуществом | J41: безвозмездное пользование мунципальным имуществом: нежилым помещением общей площадью 59,8 кв.м. | K41: 07.11.2020-06.11.2025 | L41: =$L$40 -> Предоставлен объект муниципальной собственности в безвозмездное пользование некоммерческой организации в целях использования по целевому назначению | M41: не имеется
B46: 45057 | C46: =$C$32 -> Договор № 1 от 28.02.2025
B47: 45968 | C47: Договор № 10 от 07.11.2025 | I47: =[2]Лист1!I71 -> безвозмездное пользование муниципальным имуществом | J47: =[2]Лист1!$J$71 -> безвозмездное пользование мунципальным имуществом: нежилым помещением общей площадью 59,8 кв.м. | K47: 07.11.2025-06.11.2030 | L47: =[2]Лист1!L71 -> Предоставлен объект муниципальной собственности в безвозмездное пользование некоммерческой организации в целях использования по целевому назначению | M47: =[2]Лист1!M71 -> не имеется
B48: 46093 | C48: =$C$9 -> Распоряжение Администрации городского округа от 12.03.2026 № 30-р | I48: =$I$9 -> субсидия на частичное возмещение расходов за 4 квартал 2025 года | J48: 17.56 | K48: =$K$39 -> 1 квартал 2026 года | L48: =$L$39 -> Предоставлена субсидия из местного бюджета на возмещение финансовых затрат, связанных с осуществлением уставной деятельности социально ориентированной организации | M48: =$M$47 -> не имеется
A49: 10 | D49: Каменск-Уральская городская просветительская общественная организация «Общество Знание» | E49: 623400, Свердловская область, г. Каменск-Уральский, ул. Ленина, 36. Председатель Общества Бекленищева Анастасия Михайловна, znanie_kamensk@mail.ru | F49: =[1]Лист1!F93 -> 1036605620589 | G49: =[1]Лист1!G93 -> 6612001202 | H49: =[1]Лист1!$I$93 -> Образовательная, просветительская, информационная, разъяснительная и консалтинговая деятельность для удовлетворения разносторонних образовательных, профессиональных, познавательных, культурных и других потребностей населения; содействие всесторонней модернизации экономики, основанной на ценностях и институтах демократии, производящей уникальные знания, вещи и технологии, полезные людям; содействие достижению Российской Федерации высокого уровня в экономической, социальной, научно-технической сферах, в построении гражданского общества через распространение научных знаний и проведение в широких масштабах просветительской и образовательной работы; повышение профессиональных знаний специалистов, совершенствования их деловых качеств, подготовки их к выполнению новых трудовых функций; повышение средствами просветительской работы гуманитарной и духовно-нравственной культуры народов России; благотворительная и социально-значимая деятельность. | I49: =$I$41 -> безвозмездное пользование муниципальным имуществом | J49: безвозмездное пользование муниципальным имуществом: нежилым помещением общей площадью 16,4 кв.м. | K49: 19.07.2023-18.07.2028 | L49: =$L$41 -> Предоставлен объект муниципальной собственности в безвозмездное пользование некоммерческой организации в целях использования по целевому назначению | M49: =$M$41 -> не имеется
B53: 45057 | C53: =$C$46 -> Договор № 1 от 28.02.2025
B54: =[2]Лист1!B82 -> 45125 | C54: Договор № 69 от 18.07.2023 | I54: =[2]Лист1!I82 -> безвозмездное пользование муниципальным имуществом | J54: =[2]Лист1!J82 -> безвозмездное пользование муниципальным имуществом: нежилым помещением общей площадью 16,4 кв.м. | K54: =[2]Лист1!K82 -> 19.07.2023-18.07.2028 | L54: =[2]Лист1!L82 -> Предоставлен объект муниципальной собственности в безвозмездное пользование некоммерческой организации в целях использования по целевому назначению | M54: =[2]Лист1!M82 -> не имеется
B57: 46093 | C57: =$C$48 -> Распоряжение Администрации городского округа от 12.03.2026 № 30-р | I57: =$I$48 -> субсидия на частичное возмещение расходов за 4 квартал 2025 года | J57: 10.3 | K57: =$K$48 -> 1 квартал 2026 года | L57: =$L$48 -> Предоставлена субсидия из местного бюджета на возмещение финансовых затрат, связанных с осуществлением уставной деятельности социально ориентированной организации | M57: =$M$58 -> не имеется
A58: 11 | D58: Некоммерческая организация Каменск-Уральское хуторское казачье общество «Казачья застава» | E58: =[1]Лист1!E114 -> 623400, г. Каменск-Уральский, ул.Февральской революции, д.13, атаман Сумин Владимир Геннадьевич, atamansumin@yandex.ru | F58: 1126600000988 | G58: 6612998682 | H58: Возрождение Российского казачества, защита его прав, сохранение традиционных образа жизни, хозяйствования и культуры Российского качества | I58: =$I$54 -> безвозмездное пользование муниципальным имуществом | J58: безвозмездное пользование муниципальным имуществом: нежилым помещением общей площадью 8,5 кв.м. | K58: 11.06.2022-10.06.2027 | L58: =$L$18 -> Предоставлен объект муниципальной собственности в безвозмездное пользование некоммерческой организации в целях использования по целевому назначению | M58: не имеется
B65: =[2]Лист1!B94 -> 44723 | C65: =[2]Лист1!C94 -> Договор № 6 от 11.06.2022
B67: 46093 | C67: =$C$57 -> Распоряжение Администрации городского округа от 12.03.2026 № 30-р | I67: =$I$57 -> субсидия на частичное возмещение расходов за 4 квартал 2025 года | J67: 8.07 | K67: =$K$57 -> 1 квартал 2026 года | L67: =$L$57 -> Предоставлена субсидия из местного бюджета на возмещение финансовых затрат, связанных с осуществлением уставной деятельности социально ориентированной организации | M67: =$M$58 -> не имеется
A68: 12 | D68: Автономная некоммерческая организация "Городской центр информационных, социальных и правовых услуг "Виртуальный Каменск" | E68: 623428, г. Каменск-Уральский, ул. Кирова 23, кв. 98, Четыркин Тимофей Иванович, эл.адрес: time@k-ur.ru | F68: 1116600005059 | G68: 6612998650 | H68: Оказание гражданам и организациям информационных, социальных и правовых услуг, услуг в сфере содействия развитию современных цифровых информационных технологий | I68: =$I$58 -> безвозмездное пользование муниципальным имуществом | J68: безвозмездное пользование муниципальным имуществом: нежилым помещением общей площадью 77,9 кв.м. | K68: 03.07.2021-02.07.2026 | L68: =#REF! -> #REF! | M68: не имеется
B71: 45057 | C71: =$C$65 -> Договор № 6 от 11.06.2022
B72: =[2]Лист1!B107 -> 44380 | C72: =[2]Лист1!C107 -> Договор № 8 от 03.07.2021
B73: =[4]Лист1!$B$97 -> 44380 | C73: =[4]Лист1!$C$97 -> Договор № 8 от 03.07.2021 | I73: =[2]Лист1!I107 -> безвозмездное пользование муниципальным имуществом | J73: =[2]Лист1!J107 -> безвозмездное пользование муниципальным имуществом: нежилым помещением общей площадью 77,9 кв.м. | K73: =[2]Лист1!K107 -> 03.07.2021-02.07.2026 | L73: =[2]Лист1!L107 -> Предоставлен объект муниципальной собственности в безвозмездное пользование некоммерческой организации в целях использования по целевому назначению | M73: =[2]Лист1!M107 -> не имеется
B74: 46093 | C74: =$C$67 -> Распоряжение Администрации городского округа от 12.03.2026 № 30-р | I74: =$I$67 -> субсидия на частичное возмещение расходов за 4 квартал 2025 года | J74: 9.23 | K74: =$K$67 -> 1 квартал 2026 года | L74: =$L$67 -> Предоставлена субсидия из местного бюджета на возмещение финансовых затрат, связанных с осуществлением уставной деятельности социально ориентированной организации | M74: =$M$58 -> не имеется
A75: 13 | B75: 45484 | C75: Договор № 16 от 11.07.2024 | D75: Автономная некоммерческая организация "Центр культуры, спорта и развития территории города Каменска-Уральского "Синара" | E75: 623418, Свердловская область, г. Каменск-Уральский, ул. Карла Маркса, д. 40А, директор Вешкурцев Александр Николаевич | F75: 1136600003143 | G75: 6612998820 | H75: Организация и проведение спортивных, культурно-массовых мероприятий, организация работы кружков, секций для разных возрастных категорий, учебно-образовательных процессов | I75: =[2]Лист1!I116 -> безвозмездное пользование муниципальным имуществом | J75: =[2]Лист1!J116 -> безвозмездное пользование муниципальным имуществом: нежилым помещением общей площадью 198,7 кв.м. | K75: =[2]Лист1!K116 -> 03.10.2023-02.10.2028 | L75: =[2]Лист1!L116 -> Предоставлен объект муниципальной собственности в безвозмездное пользование некоммерческой организации в целях использования по целевому назначению | M75: =[2]Лист1!M116 -> не имеется
I76: =$I$75 -> безвозмездное пользование муниципальным имуществом | J76: безвозмездное пользование муниципальным имуществом: нежилым помещением общей площадью 540,3 кв.м. | K76: 11.07.2024-10.07.2029 | L76: =$L$75 -> Предоставлен объект муниципальной собственности в безвозмездное пользование некоммерческой организации в целях использования по целевому назначению | M76: =$M$75 -> не имеется
B77: 45505 | C77: Договор № 19 от 01.08.2024
A78: 14 | B78: =[4]Лист1!$B$104 -> 45505 | C78: =[4]Лист1!$C$104 -> Договор № 19 от 01.08.2024 | D78: Автономная некоммерческая организация поддержки семей с детьми, страдающими детским церебральным параличом и заболеваниями опорно-двигательного аппарата "Седьмой лепесток" | E78: 623400, г. Каменск-Уральский, ул. Карла Маркса, д.26, кв. 47 директор Вощикова Анна Петровна | F78: 1176600001456 | G78: 6612051806 | H78: Оказание детям, страдающим детским церебральным параличом и заболеваниями опорно-двигательного аппарата услуг, направленных на их абилитацию и реабилитацию, улучшение качества их жизни | I78: =$I$75 -> безвозмездное пользование муниципальным имуществом | J78: безвозмездное пользование муниципальным имуществом: нежилым помещением общей площадью 48,5 кв.м. | K78: 01.08.2024-31.07.2027 | L78: =$L$75 -> Предоставлен объект муниципальной собственности в безвозмездное пользование некоммерческой организации в целях использования по целевому назначению | M78: не имеется
B81: 45057 | C81: =$C$71 -> Договор № 6 от 11.06.2022
B82: 45509 | C82: =#REF! -> #REF!
B83: 46093 | C83: =$C$74 -> Распоряжение Администрации городского округа от 12.03.2026 № 30-р | I83: =$I$74 -> субсидия на частичное возмещение расходов за 4 квартал 2025 года | J83: 5.6 | K83: =$K$74 -> 1 квартал 2026 года | L83: =$L$9 -> Предоставлена субсидия из местного бюджета на возмещение финансовых затрат, связанных с осуществлением уставной деятельности социально ориентированной организации | M83: =$M$104 -> не имеется
A87: 15 | D87: Каменск-Уральская местная общественная организация ветеранов войны, труда, боевых действий, государственной службы, пенсионеров | E87: 623400, г. Каменск-Уральский, ул. Ленина, 32, председатель Никифоров Яков Кузьмич | F87: 1036605620347 | G87: 6612005101 | H87: Защита общих интересов и законных прав ветеранов войны, труда, боевых действий, государственной и муниципальной службы, пенсионеров, обеспечение достойного положения старшего поколения в обществе | I87: =$I$78 -> безвозмездное пользование муниципальным имуществом | J87: безвозмездное пользование муниципальным имуществом: нежилым помещением общей площадью 49 кв.м. | K87: 16.09.2020-15.09.2025 | L87: =$L$78 -> Предоставлен объект муниципальной собственности в безвозмездное пользование некоммерческой организации в целях использования по целевому назначению | M87: не имеется
B88: =[2]Лист1!B128 -> 44090 | C88: =[2]Лист1!C128 -> Договор № 3 от 16.09.2020 | G88: =[2]Лист1!$G$128 -> 6612005101 | H88: Защита общих интересов и законных прав ветеранов войны, труда, боевых действий, государственной и муниципальной службы, пенсионеров, обеспечение достойного положения старшего поколения в обществе
B89: 45926 | C89: Договор № 1 от 26.09.2025 | I89: =$I$78 -> безвозмездное пользование муниципальным имуществом | J89: безвозмездное пользование муниципаотным имуществом: нежилым помещением общей площадью 49 кв.м. | K89: 26.09.2025 - 25.09.2030 | L89: =$L$78 -> Предоставлен объект муниципальной собственности в безвозмездное пользование некоммерческой организации в целях использования по целевому назначению | M89: =$M$83 -> не имеется
B90: 46093 | C90: =$C$83 -> Распоряжение Администрации городского округа от 12.03.2026 № 30-р | I90: =$I$83 -> субсидия на частичное возмещение расходов за 4 квартал 2025 года | J90: 7.46 | K90: =$K$83 -> 1 квартал 2026 года | L90: =$L$83 -> Предоставлена субсидия из местного бюджета на возмещение финансовых затрат, связанных с осуществлением уставной деятельности социально ориентированной организации | M90: =$M$89 -> не имеется
A91: 16 | B91: 45804 | C91: Договор № 5 от 27.05.2025 | D91: Каменск-Уральская городская общественная организация «Школа бокса «Гонг Победы» имени А.Ф. Николаева | E91: 623414, г. Каменск-Уральский, ул. Лермонтова, д.64, кв. 26, Председатель - Суворов Александр Васильевич | F91: 1176658118053 | G91: 6612052655 | H91: Попяляризация и развитие детского спорта для повышения интересов детей к занятию физической культурой и спортом в области спортивно-оздоровительной и досуговой деятельности | I91: безвозмездное пользование муниципальным имуществом | J91: безвозмездное пользование муниципальным имуществом: нежилым помещением общей площадью 454,9 кв.м. | K91: 27.05.2025 -26.05.2030 | L91: =$L$78 -> Предоставлен объект муниципальной собственности в безвозмездное пользование некоммерческой организации в целях использования по целевому назначению | M91: не имеется
A104: 17 | D104: Местная общественная организация "Федерация хоккея г. Каменск-Уральский 40+" | E104: 623418, г. Каменск-Уральский, ул. Головина, д.25, офис 3, президент Красноселов Александр Анатольевич | F104: 1206600021506 | G104: 6612055254 | H104: Развитие, пропаганда и популяризация хоккея как вида спорта, повышение роли физической культуры и спорта во всестороннем и гармоничном развитии личности, повышение престижа и представления интересов хоккея в г. Каменске-Уральском | I104: =$I$91 -> безвозмездное пользование муниципальным имуществом | J104: безвозмездное пользование муниципальным имуществом: нежилым помещением площадью 291, 4 кв.м, земельным участком площадью 3017 кв.м. | K104: 25.02.2022-24.02.2027 | L104: =$L$91 -> Предоставлен объект муниципальной собственности в безвозмездное пользование некоммерческой организации в целях использования по целевому назначению | M104: =$M$91 -> не имеется
B108: =[2]Лист1!B159 -> 44617 | C108: =[2]Лист1!C159 -> Договор № 1 от 25.02.2022
I109: =#REF! -> #REF! | J109: 15,00 руб. | K109: =#REF! -> #REF! | L109: =#REF! -> #REF! | M109: =#REF! -> #REF!
B111: =#REF! -> #REF! | C111: =#REF! -> #REF!
B112: 46093 | C112: =$C$90 -> Распоряжение Администрации городского округа от 12.03.2026 № 30-р | I112: =$I$90 -> субсидия на частичное возмещение расходов за 4 квартал 2025 года | J112: 20 | K112: =$K$90 -> 1 квартал 2026 года | L112: =$L$90 -> Предоставлена субсидия из местного бюджета на возмещение финансовых затрат, связанных с осуществлением уставной деятельности социально ориентированной организации
A113: 18 | B113: =$B$112 -> 46093 | C113: =$C$112 -> Распоряжение Администрации городского округа от 12.03.2026 № 30-р | D113: Свердловская областная общественная организация "Клуб служебного собаководства" | E113: =[5]Лист1!E54 -> 623400 Свердловская область, г.Каменск-Уральский ул.Ленина 11, руководитель Метлева Лариса федоровна, эл. адрес:kukcc@mail.ru | F113: =[5]Лист1!F54 -> 1036605632293 | G113: =[5]Лист1!G54 -> 6612005951 | H113: =[5]Лист1!H54 -> Оказание помощи членам Организации и иным гражданам в приобретении собак, кормов для них, снаряжения, литературы по собаководству, лекарственных средств; организация племенной работы в служебном собаководстве; подготовка и совершенствование общественных кадров (инструкторов по служебному собаководству); обучение членов Организации и иных граждан по соответствующим программам; подготовка и передача собак в установленном порядке гражданам и организациям; пропаганда служебного собаководства; организация подготовки судей зоотехнических и спортивных мероприятий с участием собак | I113: =$I$112 -> субсидия на частичное возмещение расходов за 4 квартал 2025 года | J113: 20 | K113: =$K$112 -> 1 квартал 2026 года | L113: =$L$9 -> Предоставлена субсидия из местного бюджета на возмещение финансовых затрат, связанных с осуществлением уставной деятельности социально ориентированной организации | M113: =$M$104 -> не имеется
A117: 19 | B117: 45968 | C117: Договор № 11 от 07.11.2025 | D117: Автономная некоммерческая организация помощи различным категориям населения и профилактики социально значимых заболеваний "Белый слон" | E117: 623401, Свердловская область, г. Каменск-Уральский, ул.Карла Маркса, д. 75, кв. 5 Директор Коротаев Андрей Константинович | F117: 1236600054096 | G117: 6612058583 | H117: Предоставление услуг, направленных на оказание помощи различным категориям населения и профилактику социально значимых заболеваний | I117: =$I$104 -> безвозмездное пользование муниципальным имуществом | J117: безвозмездное пользование муниципальным имуществом: помещением общей площадью 91,0 кв.м. | K117: 07.11.2025-06.11.2028 | L117: =$L$104 -> Предоставлен объект муниципальной собственности в безвозмездное пользование некоммерческой организации в целях использования по целевому назначению | M117: =$M$104 -> не имеется
B118: =B113 -> 46093 | C118: =C113 -> Распоряжение Администрации городского округа от 12.03.2026 № 30-р | I118: =$I$113 -> субсидия на частичное возмещение расходов за 4 квартал 2025 года | J118: 6.02 | K118: =$K$113 -> 1 квартал 2026 года | L118: =$L$113 -> Предоставлена субсидия из местного бюджета на возмещение финансовых затрат, связанных с осуществлением уставной деятельности социально ориентированной организации | M118: =$M$117 -> не имеется
A119: 20 | B119: 45748 | C119: Договор № 12 от 01.04.2024 | D119: Благотворительный фонд "Фонд ветеранов и инвалидов боевых действий и военной травмы" | E119: 623409, Свердловская область, г. Каменск-Уральский, ул. Ленина, д.33. Президент Дябин Владимир Евгеньевич | F119: 1116600002738 | G119: 6612998523 | H119: Поддержка инициатив ветеранов и инвалидов и их семей и семей погибших в боевых действиях, объединений и движений, юридичексих лиц, направленных на решение социальных, благотворительных, культурных, образовательных, патриотических проблем. | I119: =$I$117 -> безвозмездное пользование муниципальным имуществом | J119: безвозмездное пользование мунициапльным имуществом: помещением общей площадью 69,1 кв.м. | K119: 01.04.2025-31.03.2030 | L119: =$L$117 -> Предоставлен объект муниципальной собственности в безвозмездное пользование некоммерческой организации в целях использования по целевому назначению | M119: =$M$117 -> не имеется
B120: 46092 | C120: Договор № 1 от 11.03.2026 | I120: =$I$119 -> безвозмездное пользование муниципальным имуществом | J120: безвозмездное пользование муниципальным имуществом: помещением общей площадью 83,8 кв.м. | K120: 11.03.2026-10.03.2029 | L120: =$L$119 -> Предоставлен объект муниципальной собственности в безвозмездное пользование некоммерческой организации в целях использования по целевому назначению | M120: =$M$119 -> не имеется
B121: 46002 | C121: Договор № 12 от 11.12.2025 | I121: =$I$119 -> безвозмездное пользование муниципальным имуществом | J121: безвозмездное пользование муниципальным имуществом: помещениями общей площадью 95,3 кв.м. | K121: 11.12.2025-10.12.2026 | L121: =$L$120 -> Предоставлен объект муниципальной собственности в безвозмездное пользование некоммерческой организации в целях использования по целевому назначению | M121: =$M$120 -> не имеется
B122: 46092 | C122: Договор № 2 от 11.03.2026 | I122: =$I$121 -> безвозмездное пользование муниципальным имуществом | J122: безвозмездное пользование муниципальным имуществом: помещениями общей площадью 71,8 кв.м. | K122: 11.03.2026-10.03.2027 | L122: =$L$121 -> Предоставлен объект муниципальной собственности в безвозмездное пользование некоммерческой организации в целях использования по целевому назначению | M122: =$M$121 -> не имеется
A123: 21 | B123: 45848 | C123: Договор № 8 от 10.07.2025 | D123: Фонд содействия патриотическому воспитанию молодежи "Рубикон" г. Каменск-Уральский | E123: 623412, Свердловская область, г. Каменск-Уральский, ул. Средняя, д.9.кв.5. Директор Шишков Александр Анатольевич | F123: 1156600001777 | G123: 6612047937 | H123: Формирование у молодежи патриотического сознания, развитие и совершенствование системы патриотического воспитания граждан. | I123: =$I$120 -> безвозмездное пользование муниципальным имуществом | J123: Безвозмездное пользование муниципальным имуществом: помещением общей площадью 75,2 кв.м. | K123: 10.07.2025-09.07.2028 | L123: =$L$120 -> Предоставлен объект муниципальной собственности в безвозмездное пользование некоммерческой организации в целях использования по целевому назначению | M123: =$M$120 -> не имеется

Sheet Лист2

Sheet Лист3
